 Dungeon Crawl Stone Soup version 0.28.0-53-g5a82cb258f (webtiles) character file.

Game seed: 7252284842116076966

372 LustLizard the Firebug (level 6, -8/50 HPs)
             Began as a Hill Orc Fire Elementalist on June 13, 2022.
             Mangled by Sigmund
             ... wielding a +0 scythe
              (13 damage)
             ... on level 4 of the Dungeon.
             The game lasted 00:12:21 (3187 turns).

LustLizard the Firebug (Hill Orc Fire Elementalist) Turns: 3187, Time: 00:12:22

Health: -8/50      AC:  3    Str: 13    XL:     6   Next: 71%
Magic:  0/9        EV: 11    Int: 15    God:
Gold:   136        SH:  0    Dex: 11    Spells: 5/9 levels left

rFire   + . .      SeeInvis .   a - +0 short sword (venom)
rCold   . . .      Faith    .   (no shield)
rNeg    . . .      Spirit   .   e - +0 leather armour
rPois   .          Reflect  .   (no helmet)
rElec   .          Harm     .   (no cloak)
rCorr   .          Rampage  .   (no gloves)
Will    .....                   (no boots)
Stlth   ++........              (no amulet)
HPRegen 0.16/turn               s - ring of protection from fire
MPRegen 0.11/turn               (no ring)

@: very slightly contaminated
A: no striking features
a: no special abilities


You were on level 4 of the Dungeon.
You visited 1 branch of the dungeon, and saw 4 of its levels.

You collected 136 gold pieces.

Inventory:

Hand Weapons
 a - a +0 short sword of venom (weapon)
 n - a +0 hand axe
Missiles
 g - 126 stones
 k - 3 boomerangs
 r - 6 poisoned darts
Armour
 e - a +0 leather armour (worn)
 m - a +0 ring mail
Jewellery
 s - a ring of protection from fire (left hand)
Scrolls
 h - 2 scrolls of enchant weapon {unknown}
 o - a scroll of torment {unknown}
 p - a scroll of identify {unknown}
 q - a scroll of noise {unknown}
Potions
 d - a potion of curing {unknown}
 i - a potion of degeneration {unknown}
 l - 2 potions of resistance {unknown}


   Skills:
 + Level 2.9 Fighting
 - Level 1.5 Dodging
 + Level 2.7 Stealth
 + Level 2.4 Spellcasting
 * Level 3.0 Conjurations
 * Level 1.8 Hexes
 * Level 4.7 Fire Magic


You had 5 spell levels left.
You knew the following spells:

 Your Spells              Type           Power      Damage    Failure   Level
a - Foxfire               Conj/Fire      52%        2x1d6     5%          1
b - Inner Flame           Hex/Fire       11%        N/A       22%         3

Your spell library contained the following spells:

 Spells                   Type           Power      Damage    Failure   Level
 Scorch                   Fire           32%        2d7       6%          2
 Conjure Flame            Conj/Fire      13%        6-21      17%         3
 Flame Wave               Conj/Fire      13%        2d6       50%         4
 Ozocubu's Armour         Ice            1%         N/A       63%         3
 Metabolic Englaciation   Hex/Ice        2%         N/A       99%         5
 Simulacrum               Ice/Necr       0%         N/A       100%        6


Dungeon Overview and Level Annotations

Branches:
Dungeon (4/15)
 Temple: D:4-7

Altars:
Xom

Annotations:
D:4 Sigmund


Message History

Deactivating autopickup; reactivate with Ctrl-A.
There is a stone staircase leading up here.
You conjure some foxfire!
You miscast Foxfire.
You are very lightly contaminated with residual magic.
Nothing appears to happen.
The foxfire hits the goblin.
You kill the goblin!
The foxfire hits the kobold.
The kobold is severely wounded.
You conjure some foxfire!
The foxfire hits the kobold but does no damage.
The kobold is severely wounded.
You conjure some foxfire!
The foxfire hits the kobold but does no damage.
The kobold is severely wounded.
You conjure some foxfire!
The foxfire hits the kobold.
You kill the kobold!
The foxfire hits the kobold.
The kobold is severely wounded.
You miscast Foxfire.
Nothing appears to happen.
The foxfire hits something. x2
Something hits you!
You miscast Foxfire.
Nothing appears to happen.
You conjure some foxfire!
Something hits you.
The kobold hits you with a +0 short sword.
You conjure some foxfire!
The foxfire hits the kobold.
You kill the kobold!
The foxfire hits something.
Something hits you.
You conjure some foxfire!
The foxfire hits something. x2
You are too depleted to draw on your mana recklessly!
You are too depleted to draw on your mana recklessly!
The foxfire hits something. x2; Something hits you.
You closely miss something. Something hits you!
You miss something. You punch something. Something hits you.
* * * LOW HITPOINT WARNING * * *
You miss something. Something hits you!
* * * LOW HITPOINT WARNING * * *
There is a stone staircase leading up, spattered with blood here.
Something hits you!
You die...

#............≈≈≈.# ...
.............≈[≈.# ..#
#...........≈≈≈.# ..#
#...............# ..#
#..............## ..#
#.......)......# ..#
#.............##
..######....).).......###
................@.......#
##.#########....).......#
#..# #...(.{......# ..##
#............# ..##
##...........# ...#####
##..........# .......#
####.##....# .......#
#..#.....# .......##
#.#......#


There were no monsters in sight!

Vanquished Creatures
  A bullfrog (D:4)
  A scorpion (D:4)
  A water moccasin skeleton (D:4)
  A hound (D:4)
  An orc wizard (D:4)
  A hound skeleton (D:4)
  5 adders
  An adder skeleton (D:4)
  A worm (D:3)
  5 dart slugs
  4 orcs (D:4)
  4 bats (D:1)
  3 endoplasms
  5 hobgoblins
  2 quokkas
  4 ball pythons (D:1)
  4 frilled lizards
  10 goblins
  8 kobolds
  8 rats
70 creatures vanquished.

Vanquished Creatures (others)
  181 foxfires
181 creatures vanquished.

Grand Total: 251 creatures vanquished

Notes
Turn   | Place    | Note
-------+----------+-------------------------------------------
     0 | D:1      | LustLizard the Hill Orc Fire Elementalist began the quest
                  | for the Orb.
     0 | D:1      | Reached XP level 1. HP: 14/14 MP: 3/3
    90 | D:1      | You fall into a shaft and drop 1 floor!
    97 | D:2      | Found a shimmering altar of Xom.
   224 | D:1      | Reached XP level 2. HP: 21/22 MP: 4/4
   556 | D:1      | Reached skill level 1 in Fighting
   856 | D:1      | Reached XP level 3. HP: 28/28 MP: 0/5
  1175 | D:2      | Found a faded altar of an unknown god.
  1900 | D:3      | Learned a level 3 spell: Inner Flame
  1906 | D:3      | Reached XP level 4. HP: 36/36 MP: 4/7
  2699 | D:4      | Noticed a bullfrog
  2703 | D:4      | Reached skill level 4 in Fire Magic
  2703 | D:4      | Reached XP level 5. HP: 36/41 MP: 3/8
  2706 | D:4      | Reached skill level 1 in Hexes
  2863 | D:4      | Noticed Sigmund
  2889 | D:4      | Reached XP level 6. HP: 37/50 MP: 5/9
  3187 | D:4      | Mangled by Sigmund

Illustrated notes

Levels and vault maps discovered:
D:1:      tarquinn_simple_flora_water_c, layout_rooms, minmay_statues_item,
          kennysheep_doodads, serial_bayou_pond_b, minmay_close_crescents
D:2:      layout_rooms, basic_altar, chequers_ecumenical_altar_simple_redux
D:3:      layout_basic
D:4:      layout_rooms, general_overflow_altar, corexii_item_surrounded_by_moat,
          feat_on_display, uniq_sigmund

Skill      XL: |  1  2  3  4  5  6 |
---------------+-------------------+-----
Fighting       | 1 2 |  2.9
Stealth        | 2 |  2.7
Spellcasting   | 2 |  2.4
Conjurations   | 2 3 |  3.0
Fire Magic     | 4 |  4.7
Hexes          | 1 |  1.8
Dodging        | |  1.5

Action                   |  1- 3 |  4- 6 || total
-------------------------+-------+-------++-------
Melee: Whip              |    15 |       ||    15
       Unarmed           |     1 |       ||     1
       Dagger            |    27 |       ||    27
       Punch             |     2 |     1 ||     3
       Hand axe          |     8 |    39 ||    47
       Short sword       |       |     3 ||     3
 Cast: Foxfire           |    43 |    63 ||   106
Armor: Robe              |     7 |       ||     7
       Leather armour    |     6 |     9 ||    15
Dodge: Dodged            |    38 |    24 ||    62
